Map: [ESL] Dragon Scales

Players

DRG - Winner!

  • Race: Zerg Zerg

Serral

  • Race: Zerg Zerg

Event: IEM Katowice 2023

VOD

Have the link to the VOD?

Description

Time

  • Played on: Feb. 9, 2023, 10:46 a.m.
  • Length: 15:23

All games in this series

Show
View Real Time Build Order
Export as new Build Order

DRG Zerg - Winner!

Build Orders: Hatch First, Brood Lord Corruptor 

Get SALT Encoding   

  12  0:00  Drone  
  13  0:12  Overlord  
  13  0:16  Drone  
  14  0:30  Drone x2  
  16  0:47  Hatchery  
  15  0:50  Drone  
  15  0:53  Drone  
  17  0:57  Drone  
  18  1:08  Extractor  
  17  1:12  Spawning Pool  
  17  1:15  Drone  
  17  1:18  Drone  
  18  1:28  Drone  
  19  1:38  Drone  
  20  1:50  Drone  
  21  1:59  Queen x2  
  21  2:00  Overlord  
  21  2:01  Drone  
  26  2:09  Drone  
  26  2:10  Drone  
  26  2:12  Metabolic Boost  
  28  2:21  Drone x2  
  30  2:31  Drone x2  
  30  2:34  Queen  
  30  2:36  Queen  
  36  2:41  Overlord  
  36  2:49  Overlord  
  36  3:00  Baneling Nest  
  36  3:01  Drone x2  
  37  3:06  Drone  
  37  3:07  Drone x5  
  37  3:10  Drone  
  44  3:13  Drone  
  44  3:18  Drone x2  
  47  3:29  Hatchery  
  47  3:32  Zergling x4  
  48  3:38  Overlord  
  48  3:40  Lair  
  48  3:44  Extractor  
  48  3:45  Drone  
  48  3:47  Drone  
  49  3:50  Drone  
  49  3:52  Drone  
  49  3:55  Baneling x2  
  51  3:56  Zergling x6, Evolution Chamber  
  51  4:02  Zergling x4  
  55  4:07  Zergling x2  
  55  4:12  Zergling x2  
  55  4:14  Baneling  
  55  4:15  Extractor  
  55  4:16  Extractor  
  54  4:18  Baneling x2  
  54  4:19  Drone x6  
  60  4:27  Overlord  
  60  4:31  Overlord  
  60  4:34  Zerg Melee Weapons Level 1  
  60  4:35  Overlord  
  60  4:39  Overlord  
  60  4:42  Drone  
  61  4:46  Drone  
  61  4:47  Drone  
  62  4:55  Drone, Spire  
  62  4:58  Drone x2  
  63  5:08  Drone x3  
  63  5:10  Drone  
  63  5:11  Drone  
  68  5:14  Drone  
  68  5:19  Zergling x4  
  68  5:20  Drone x3  
  74  5:22  Drone x2  
  74  5:23  Drone  
  74  5:26  Extractor  
  74  5:27  Extractor  
  74  5:30  Drone  
  74  5:35  Drone  
  75  5:38  Drone x4  
  75  5:40  Drone  
  79  5:47  Drone x3  
  82  5:52  Overlord, Spine Crawler  
  82  5:53  Spine Crawler  
  80  5:58  Overlord  
  80  5:59  Hatchery  
  80  6:03  Overlord  
  79  6:08  Mutalisk x7  
  93  6:15  Zerg Flyer Weapons Level 1  
  93  6:16  Mutalisk  
  95  6:26  Drone x5  
  95  6:27  Drone x4  
  95  6:31  Zerg Melee Weapons Level 2  
  99  6:34  Centrifugal Hooks  
  99  6:36  Drone x5  
  104  6:45  Mutalisk x2  
  108  6:51  Drone x4  
  108  6:52  Drone  
  113  6:54  Drone  
  113  6:55  Drone x2, Overseer  
  113  6:57  Extractor x2  
  113  6:58  Drone  
  115  7:03  Zergling x8  
  119  7:10  Zergling x2  
  119  7:15  Mutalisk x4  
  128  7:23  Overlord x3  
  128  7:24  Hatchery  
  128  7:27  Overlord x3  
  127  7:31  Overlord  
  127  7:32  Overseer  
  127  7:33  Overlord  
  127  7:36  Baneling x2  
  127  7:37  Baneling x4  
  128  7:44  Zergling x14  
  128  7:45  Pneumatized Carapace  
  134  7:52  Overseer  
  134  7:54  Infestation Pit, Zergling x2  
  134  7:55  Zergling x16  
  142  7:59  Baneling x3  
  142  8:00  Baneling, Overseer  
  142  8:03  Zergling x10  
  147  8:09  Zergling x16  
  147  8:11  Baneling x12  
  155  8:24  Drone x2, Overseer  
  155  8:25  Drone x6  
  162  8:32  Hive  
  162  8:34  Overseer, Zergling x12  
  168  8:37  Extractor  
  168  8:39  Extractor  
  166  8:41  Zergling x14  
  158  8:56  Burrow  
  158  9:00  Mutalisk x7  
  158  9:02  Zergling x12  
  177  9:11  Spine Crawler  
  177  9:13  Zergling x18  
  177  9:16  Drone x2  
  184  9:23  Mutalisk x3  
  186  9:29  Overlord x2  
  190  9:34  Drone x3  
  174  9:47  Mutalisk x7  
  174  9:51  Overlord x4  
  174  9:57  Overlord x2  
  174  9:59  Overlord  
  160  10:07  Mutalisk x3  
  160  10:13  Zergling x28  
  178  10:15  Spine Crawler  
  178  10:17  Zerg Melee Weapons Level 3  
  178  10:18  Corruptor  
  178  10:19  Drone  
  179  10:24  Zergling x10  
  179  10:25  Zergling x10  
  189  10:30  Corruptor x3  
  189  10:34  Overseer  
  195  10:38  Corruptor x2  
  198  10:43  Overseer  
  193  10:57  Drone x2  
  193  11:00  Greater Spire  
  193  11:03  Overseer  
  186  11:06  Mutalisk x7  
  186  11:10  Zergling x12  
  184  11:30  Mutalisk x6  
  184  11:48  Zergling x30  
  199  11:56  Hatchery  
  187  12:03  Drone x3  
  187  12:04  Drone x2  
  182  12:13  Drone x2  
  176  12:15  Corruptor x2  
  176  12:16  Corruptor  
  177  12:23  Drone x4  
  177  12:24  Spine Crawler  
  177  12:28  Drone x3  
  177  12:37  Corruptor x2  
  181  12:47  Brood Lord x2  
  181  12:48  Brood Lord x4  
  184  13:06  Overseer  
  184  13:09  Brood Lord  
  185  13:19  Overseer  
  183  13:21  Drone x9  
  183  13:22  Extractor  
  183  13:24  Overseer  
  183  13:25  Overseer  
  183  13:26  Brood Lord x2  
  193  13:36  Drone x7  
  199  13:45  Spine Crawler  
  198  13:48  Spine Crawler, Zergling x4  
  198  13:49  Zergling x2  
  198  13:53  Zergling x2  
  199  14:03  Zergling x4  
  197  14:11  Baneling x7  
  196  14:19  Corruptor x3  
  196  14:21  Zergling x6  
  186  14:32  Overlord x2  
  186  14:35  Zergling x14  
  186  14:41  Corruptor  
  184  14:56  Brood Lord x3  
  184  14:59  Baneling  
Show
View Real Time Build Order
Export as new Build Order

Serral Zerg 

Build Orders: Hatch First 

Get SALT Encoding   

  12  0:00  Drone  
  13  0:12  Overlord  
  13  0:16  Drone  
  14  0:30  Drone x2  
  16  0:49  Hatchery  
  15  0:51  Drone  
  15  0:55  Drone  
  17  0:59  Drone  
  18  1:09  Extractor  
  17  1:13  Spawning Pool  
  17  1:16  Drone  
  17  1:20  Drone  
  18  1:27  Drone  
  19  1:38  Drone  
  20  1:54  Drone  
  20  2:00  Queen x2  
  25  2:01  Zergling x2  
  25  2:02  Overlord  
  26  2:09  Metabolic Boost  
  26  2:10  Drone  
  26  2:11  Drone  
  28  2:22  Drone x2  
  30  2:34  Hatchery  
  29  2:38  Drone  
  29  2:41  Drone  
  31  2:45  Baneling Nest  
  31  2:51  Drone  
  30  2:52  Overlord  
  30  2:57  Drone x2  
  32  3:04  Zergling x2  
  33  3:08  Overlord  
  33  3:11  Zergling x4  
  33  3:12  Drone x2  
  37  3:16  Zergling x2  
  37  3:19  Drone x2  
  40  3:23  Drone  
  40  3:25  Evolution Chamber  
  40  3:29  Zergling x2  
  40  3:31  Zergling x2  
  42  3:40  Zergling x4  
  44  3:43  Overlord  
  44  3:45  Queen  
  46  3:49  Zergling x2  
  46  3:50  Drone x4  
  46  3:54  Zerg Missile Weapons Level 1  
  51  4:01  Baneling  
  52  4:02  Zergling x2  
  52  4:04  Drone  
  52  4:05  Drone  
  52  4:06  Drone  
  55  4:10  Overlord  
  55  4:13  Drone x4  
  55  4:15  Drone  
  59  4:22  Extractor  
  59  4:23  Extractor, Roach Warren  
  55  4:25  Baneling x2  
  55  4:27  Drone x3  
  58  4:32  Zergling x2  
  58  4:34  Zergling x4  
  61  4:40  Overlord  
  61  4:41  Drone x2  
  63  4:49  Overlord  
  63  4:50  Drone x3  
  65  4:59  Drone x2  
  67  5:01  Lair  
  67  5:04  Roach x3  
  73  5:07  Extractor  
  73  5:10  Drone x2  
  73  5:11  Drone x3  
  76  5:18  Drone  
  76  5:20  Overlord  
  77  5:23  Drone x2  
  72  5:31  Roach x4  
  72  5:33  Overlord  
  80  5:41  Queen x2  
  83  5:45  Roach  
  83  5:46  Roach  
  83  5:48  Zerg Ground Armor Level 1  
  83  5:49  Overlord  
  87  5:54  Roach x2  
  87  5:56  Overlord  
  91  5:57  Drone x4  
  91  5:59  Overseer  
  91  6:00  Glial Reconstitution  
  91  6:02  Drone  
  91  6:03  Drone  
  97  6:07  Drone  
  97  6:08  Drone x2  
  100  6:13  Overlord  
  100  6:15  Drone  
  100  6:16  Overlord  
  101  6:19  Overlord  
  101  6:21  Queen x2  
  101  6:23  Overseer  
  105  6:26  Queen  
  105  6:32  Spore Crawler  
  105  6:34  Spore Crawler  
  105  6:35  Extractor, Drone x2, Spore Crawler  
  105  6:36  Drone  
  105  6:38  Extractor, Drone x2  
  106  6:42  Zergling x2  
  106  6:43  Spore Crawler  
  106  6:45  Drone x3  
  109  6:47  Spore Crawler  
  109  6:48  Drone x2  
  110  6:54  Overlord  
  110  6:56  Drone x3  
  110  6:58  Burrow  
  113  7:02  Overlord  
  113  7:03  Drone x2  
  113  7:06  Overlord  
  116  7:08  Baneling x2  
  116  7:15  Infestation Pit, Queen x2  
  114  7:16  Spore Crawler  
  114  7:17  Spore Crawler  
  114  7:18  Roach x2  
  119  7:24  Roach x3, Spore Crawler  
  124  7:33  Tunneling Claws  
  124  7:34  Overlord  
  124  7:35  Roach x2  
  128  7:38  Overlord  
  128  7:41  Zergling x4  
  128  7:42  Zerg Missile Weapons Level 2  
  130  7:44  Spore Crawler  
  130  7:48  Roach  
  131  7:52  Roach x2  
  131  7:54  Hive  
  135  8:02  Baneling x4  
  133  8:06  Infestor x4  
  133  8:10  Hatchery  
  133  8:11  Roach x3  
  146  8:14  Roach x2  
  151  8:20  Overlord  
  151  8:21  Roach x3  
  151  8:25  Roach x2  
  160  8:31  Overlord  
  160  8:35  Spore Crawler  
  157  8:43  Drone  
  157  8:46  Roach x2  
  157  8:47  Roach x2  
  157  8:48  Roach x2  
  164  8:51  Drone x3  
  164  8:53  Drone x5  
  164  8:55  Hatchery  
  154  8:59  Infestor  
  156  9:05  Infestor x2  
  156  9:07  Viper  
  156  9:08  Roach x2  
  156  9:09  Roach  
  169  9:12  Roach x5  
  169  9:16  Roach x2  
  177  9:19  Roach  
  177  9:31  Viper  
  177  9:35  Roach x2  
  184  9:42  Roach x4  
  184  9:49  Roach  
  184  9:50  Overlord  
  185  9:57  Overlord  
  185  10:00  Infestor  
  185  10:03  Drone x11  
  184  10:08  Overlord x3  
  184  10:10  Roach  
  184  10:11  Roach x2  
  180  10:19  Roach  
  180  10:20  Roach x3  
  188  10:26  Roach x2  
  188  10:27  Hatchery  
  191  10:29  Roach x2  
  191  10:30  Roach x3  
  191  10:34  Roach x5  
  191  10:35  Roach  
  197  10:39  Infestor x6, Roach  
  197  10:40  Roach x2  
  199  10:42  Roach  
  199  10:43  Roach  
  199  10:47  Hatchery  
  186  10:59  Lair  
  186  11:00  Drone x2  
  186  11:01  Infestor x3, Drone x3  
  177  11:05  Roach x4  
  177  11:08  Roach x2  
  177  11:09  Roach  
  157  11:37  Roach x6  
  157  11:39  Roach x5  
  138  11:48  Drone x16, Roach x9  
  138  11:49  Drone x4  
  127  12:02  Roach x3  
  127  12:03  Hydralisk Den, Drone x3  
  117  12:14  Roach x10  
  117  12:15  Queen x4  
  137  12:17  Roach x3  
  137  12:18  Roach x2  
  137  12:21  Roach  
  139  12:28  Roach  
  131  12:32  Hydralisk x3, Grooved Spines  
  131  12:36  Hydralisk  
  131  12:37  Hydralisk  
  135  12:39  Hydralisk  
  135  12:44  Hydralisk  
  141  12:46  Hydralisk x2  
  147  12:51  Roach x3  
  147  12:52  Roach  
  147  12:54  Infestation Pit  
  147  12:55  Hydralisk x2  
  147  12:57  Roach  
  148  13:03  Hydralisk x2  
  133  13:06  Hydralisk  
  133  13:09  Hydralisk  
  135  13:16  Roach x4  
  135  13:19  Hydralisk x2  
  135  13:20  Hydralisk x2  
  135  13:22  Hydralisk  
  135  13:24  Roach x2  
  145  13:32  Hive  
  143  13:41  Roach x3  
  143  13:43  Extractor x2, Muscular Augments  
  143  13:45  Drone x6  
  145  13:50  Roach x4  
  153  14:02  Roach x5  
  159  14:04  Roach  
  159  14:05  Roach x3  
  159  14:06  Roach  
  159  14:07  Roach x5  
  159  14:10  Roach  
  159  14:11  Roach  
  159  14:15  Roach x3  
  163  14:21  Roach x3  
  159  14:31  Roach x3  
  145  14:39  Roach x4  
  143  14:48  Roach x2  
  143  14:49  Roach  
  143  14:50  Roach x4  
  147  14:57  Roach x2  

Tags
 
Add a new tag
Caveats
  • Supply blocks, unpowered buildings, or Contaminate may cause inaccurate times.
  • Supply counts are checked every 10 seconds.